 Dungeon Crawl Stone Soup version 0.30.0-29-ga12c61a403 (webtiles) character file.

Game seed: 8231479274990070679

14 cheesebisquit the Grave Robber (level 2, -5/23 HPs)
             Began as a Ghoul Necromancer on June 6, 2023.
             Slain by a gnoll
             ... wielding a +0 whip
              (6 damage)
             ... on level 1 of the Dungeon.
             The game lasted 00:02:05 (592 turns).

cheesebisquit the Grave Robber (Ghoul Necromancer)   Turns: 592, Time: 00:02:05

Health: -5/23      AC:  2    Str:  8 (11) XL:     2   Next: 41%
Magic:  3/3        EV: 11    Int:  7 (10) God:
Gold:   43         SH:  0    Dex:  7 (9)  Spells: 3/4 levels left

rFire   . . .        d - +0 dagger
rCold   + . .        (no shield)
rNeg    + + +        a - +0 robe
rPois   ∞            (no helmet)
rElec   .            (no cloak)
rCorr   .            (no gloves)
SInv    .            (no boots)
Will    .....        (no amulet)
Stlth   ++           (no ring)
HPRegen 0.00/turn    (no ring)
MPRegen 0.08/turn

%: no passive effects
@: inhibited regen
A: claws 1, cold resistance 1, negative energy resistance 3, inhibited
regeneration, torment resistance 2, devour on kill
a: no special abilities


You were on level 1 of the Dungeon.
You visited 1 branch of the dungeon, and saw 1 of its levels.

You collected 43 gold pieces.

Inventory:

Hand Weapons
 d - a +0 dagger (weapon)
Missiles
 h - 5 poisoned darts
Armour
 a - a +0 robe (worn)
Scrolls
 e - a scroll of identify
 f - a scroll of teleportation
 g - a scroll of poison {unknown}
 i - a scroll of butterflies {unknown}
 k - a scroll of immolation {unknown}
Potions
 c - a potion of cancellation


   Skills:
 + Level 1.4 Fighting
 + Level 1.0 Short Blades
 - Level 1.7 Dodging
 - Level 2.1 Stealth
 - Level 0.4 Unarmed Combat
 - Level 1.7 Spellcasting
 - Level 4.0 Necromancy


You had 3 spell levels left.
You knew the following spells:

 Your Spells              Type           Power      Damage    Failure   Level
a - Necrotise             Necr           24%        1d5       8%          1

Your spell library contained the following spells:

 Spells                   Type           Power      Damage    Failure   Level
 Vampiric Draining        Necr           6%         2d6       22%         3
 Static Discharge         Conj/Air       0%         2-2/arc   52%         2
 Animate Dead             Necr           6%         N/A       58%         4
 Agony                    Necr           6%         N/A       91%         5
 Airstrike                Air            0%         2d(0-16)  98%         4
 Summon Lightning Spire   Summ/Air       0%         N/A       98%         4


Dungeon Overview and Level Annotations

Branches:
Dungeon (1/15)

Altars:


Innate Abilities, Weirdness & Mutations

You are immune to poison.
You have sharp fingernails.
Your flesh is cold resistant. (rC+)
You are immune to negative energy. (rN+++)
You do not regenerate when monsters are visible.
You are immune to unholy pain and torment.
You thrive by killing the living.


Message History

The dart slug is almost dead.
The dart slug closely misses you.
You hit the dart slug.
You kill the dart slug!
You feel better.
Your Short Blades skill increases to level 1!
The gnoll closely misses you.
You hit the gnoll.
The gnoll is lightly wounded.
The gnoll closely misses you.
You hit the gnoll but do no damage.
The gnoll is lightly wounded.
The gnoll hits you with a +0 whip.
You hit the gnoll but do no damage.
The gnoll is lightly wounded.
The gnoll hits you with a +0 whip!
* * * LOW HITPOINT WARNING * * *
Okay, then.
Magic courses through your body. The gnoll closely misses you.
Okay, then.
Unknown command.
Unknown command.
It was a potion of cancellation.
You feel magically purged. The gnoll hits you with a +0 whip.
* * * LOW HITPOINT WARNING * * *
It was a potion of degeneration.
There was something very wrong with that liquid.
You feel weakened.
You feel dopey.
You feel clumsy. The gnoll misses you.
It was a potion of mutation.
You feel extremely strange.
Your body decomposes!
You feel weakened.
Your body decomposes!
You feel clumsy. The gnoll barely misses you.
As you read the scroll labelled VECUPREJAL, it crumbles to dust.
It is a scroll of identify.
f - a scroll of teleportation The gnoll hits you with a +0 whip.
You die...

......##♣♣♣....♣♣♣#
#...###♣......♣♣
#'''#♣♣♣....♣..#
.........♣######
.....♣♣♣#####.#
♣...♣.♣##.....#
########.####.#######...
...#####.........†......
......#...######@#######
##.##......# #g#
##.##......# #.#
##.##......# #.#
##.##.#...## #.#
##.##...(... ..#
##.##..#.#### ###
##.##..#.. ##.########


You could see a gnoll.

Vanquished Creatures
  A dart slug (D:1)
  A ball python (D:1)
  A bat (D:1)
  2 endoplasms (D:1)
  A goblin (D:1)
  A hobgoblin (D:1)
  A quokka (D:1)
  A frilled lizard (D:1)
  A kobold (D:1)
10 creatures vanquished.

Notes
Turn   | Place    | Note
-------+----------+-------------------------------------------
     0 | D:1      | cheesebisquit the Ghoul Necromancer began the quest for the
                  | Orb.
     0 | D:1      | Reached XP level 1. HP: 14/14 MP: 2/2
   330 | D:1      | Reached skill level 1 in Fighting
   370 | D:1      | Reached XP level 2. HP: 23/23 MP: 1/3
   584 | D:1      | Reached skill level 1 in Short Blades
   589 | D:1      | HP: 1/23 [gnoll/+0 whip (2)]
   592 | D:1      | Slain by a gnoll

Illustrated notes

Levels and vault maps discovered:
D:1:      sevenhm_arrival_forest_fort_large_3, layout_loops_ring

Skill      XL: |  1  2 |
---------------+-------+-----
Fighting       | 1 |  1.4
Short Blades   | 1 |  1.0
Dodging        | |  1.7
Stealth        | |  2.1
Unarmed Combat | |  0.4
Spellcasting   | |  1.7
Necromancy     | |  4.0

Action                     || total
---------------------------++-------
  Melee: Dagger            ||    31
         Unarmed           ||     1
   Cast: Necrotise         ||    14
    Use: Potion            ||     4
         Scroll            ||     1
 Armour: Robe              ||     5
  Dodge: Dodged            ||    29
